 Seeded DCSS version 0.31-a0-1392-g2ccc7d8 (webtiles) character file.

Game seed: 3897415132402002117 (custom seed)

1354 porkupine the Ducker (level 8, 0/65 HPs)
             Began as a Merfolk Brigand on Dec 24, 2023.
             Was a Follower of Fedhas.
             Incinerated by a bombardier beetle (5 damage)
             ... with a burning spray
             ... on level 5 of the Dungeon.
             The game lasted 00:14:52 (3946 turns).

porkupine the Ducker (Merfolk Brigand)              Turns: 3946, Time: 00:14:52

Health: 0/65       AC: 10    Str: 11    XL:     8   Next: 63%
Magic:  8/8        EV: 30    Int: 10    God:    Fedhas [*.....]
Gold:   168        SH:  0    Dex: 21    Spells: 7/7 levels left

rFire   . . .        o - +3 dagger (holy)
rCold   + . .        (no shield)
rNeg    . . .        x - +0 ring mail
rPois   .            n - +0 helmet
rElec   .            c - +0 cloak
rCorr   +            w - +2 pair of gloves of Vermicelli {rC+ Dex+3}
SInv    .            (no boots)
Will    .....        B - amulet of the acrobat
Stlth   +            j - ring of resist corrosion
HPRegen 0.30/turn    (no ring)
MPRegen 0.11/turn

%: acrobat
@: on fire, acrobatic, glowing
A: (nimble swimmer 2), mertail
a: Renounce Religion


You were on level 5 of the Dungeon.
You worshipped Fedhas.
Fedhas was aware of your devotion.
You visited 1 branch of the dungeon, and saw 5 of its levels.

You collected 168 gold pieces.

Inventory:

Hand Weapons
 a - a +2 dagger
 g - a +4 hand axe of flaming
 m - a +0 long sword
 o - a +3 dagger of holy wrath (weapon)
 u - a +0 mace of venom
Missiles
 d - 16 poisoned darts (quivered)
 e - 3 curare-tipped darts
 i - 3 boomerangs
Armour
 b - a +0 robe
 c - a +0 cloak (worn)
 k - a +0 leather armour
 n - a +0 helmet (worn)
 w - the +2 pair of gloves of Vermicelli (worn) {rC+ Dex+3}
   (You found it on level 3 of the Dungeon)

   Dex+3:     It affects your dexterity (+3).
   rC+:       It protects you from cold.
 x - a +0 ring mail (worn)
Jewellery
 j - a ring of resist corrosion (left hand)
 B - an amulet of the acrobat (around neck)
Wands
 q - a wand of quicksilver (6)
 r - a wand of mindburst (25)
Scrolls
 t - a scroll of fear {unknown}
 y - a scroll of blinking {unknown}
 A - a scroll of fog
Potions
 f - a potion of degeneration
 h - 2 potions of curing
 l - 2 potions of lignification {unknown}
 p - a potion of ambrosia
 s - a potion of might {unknown}
 v - a potion of brilliance {unknown}
 z - a potion of enlightenment


   Skills:
 + Level 6.6 Fighting
 + Level 7.2 Short Blades
 - Level 2.0 Axes
 - Level 2.0 Throwing
 + Level 7.4 Dodging
 - Level 4.3 Stealth


You had 7 spell levels left.
You didn't know any spells.
Your spell library was empty.

Dungeon Overview and Level Annotations

Branches:
Dungeon (5/15)
 Temple: D:4-7

Altars:
Dithmenos
Fedhas
Kikubaaqudgha
Wu Jian

Shops:
D:2 [


Innate Abilities, Weirdness & Mutations

((You are very nimble when in or above water. (Stealth+, EV+, Speed+++)))
Your lower body shifts to a powerful aquatic tail in water.


Message History

You hit the bombardier beetle.
The bombardier beetle is severely wounded.
The liquid fire burns you!
You hit the bombardier beetle.
The bombardier beetle is almost dead.
The liquid fire burns you!
The bombardier beetle sprays incendiary fluid at you.
The burning spray misses you.
You hit the bombardier beetle.
You kill the bombardier beetle!
Fedhas appreciates your contribution to the ecosystem.
The liquid fire burns you!
No target in view!
You are on fire!
You are on fire!
You are on fire!
The liquid fire burns you! The liquid fire burns you!
The liquid fire burns you! The liquid fire burns you!
The liquid fire burns you! The liquid fire burns you!
The liquid fire burns you! The liquid fire burns you!
The liquid fire burns you!
* * * LOW HITPOINT WARNING * * *
The liquid fire burns you!
* * * LOW HITPOINT WARNING * * *
The liquid fire burns you!
* * * LOW HITPOINT WARNING * * *
The liquid fire burns you!
* * * LOW HITPOINT WARNING * * *
The liquid fire burns you!
* * * LOW HITPOINT WARNING * * *
You feel better. The liquid fire burns you!
* * * LOW HITPOINT WARNING * * *
The liquid fire burns you!
You die...
Fedhas appreciates your contribution to the ecosystem.

## # #.## #. .... .. .
..> #. #. #.#
#.####### #.##.#
#........ #....#
##.##.### ###@.#
#.##.# #$####.†#
####.##.#
#.......#####.......#
####.###.##......##.##
#.# ##.#......##..#
#.# #.#......##.##
#.## ##.#.....###.#
#..###.##.....###.#
#.#...#####.......#


There were no monsters in sight!

Vanquished Creatures
  Grinder (D:4)
  A black bear (D:5)
  3 phantoms (D:5)
  A bullfrog (D:5)
  3 scorpions
  A howler monkey (D:4)
  2 bombardier beetles (D:5)
  2 hounds
  4 orc priests
  2 iguanas
  3 orc wizards
  Robin (D:1)
  5 adders
  A worm (D:3)
  A dart slug (D:3)
  21 orcs
  7 endoplasms
  2 giant cockroaches
  15 goblins
  10 hobgoblins
  2 jackals (D:2)
  6 quokkas
  11 ball pythons
  2 bats (D:3)
  4 frilled lizards
  8 kobolds
  2 rats
121 creatures vanquished.

Notes
Turn   | Place    | Note
-------+----------+-------------------------------------------
     0 | D:1      | porkupine the Merfolk Brigand began the quest for the Orb.
     0 | D:1      | Reached XP level 1. HP: 16/16 MP: 1/1
   199 | D:1      | You fall into a shaft and drop 1 floor!
   261 | D:2      | Reached XP level 2. HP: 17/23 MP: 2/2
   306 | D:1      | Reached skill level 1 in Axes
   540 | D:1      | Reached XP level 3. HP: 27/28 MP: 3/3
  1023 | D:2      | Noticed Robin
  1099 | D:1      | Killed Robin
  1138 | D:2      | Reached XP level 4. HP: 34/34 MP: 4/4
  1245 | D:2      | Found Huiluh's Antique Armour Shoppe.
  1706 | D:3      | Reached XP level 5. HP: 41/41 MP: 5/5
  1993 | D:3      | Identified the +2 pair of gloves of Vermicelli {rC+ Dex+3}
  2288 | D:3      | Reached XP level 6. HP: 42/48 MP: 6/6
  2330 | D:3      | Found a blossoming altar of Fedhas.
  2349 | D:3      | Became a worshipper of Fedhas Madash
  2412 | D:4      | Noticed Grinder
  2455 | D:4      | Killed Grinder
  2456 | D:4      | Reached skill level 5 in Short Blades
  2456 | D:4      | Reached skill level 5 in Dodging
  2456 | D:4      | Reached XP level 7. HP: 49/55 MP: 7/7
  2681 | D:4      | Reached skill level 5 in Fighting
  2894 | D:4      | Reached * piety under Fedhas
  2964 | D:4      | Found an ancient bone altar of Kikubaaqudgha.
  3026 | D:4      | Found an ornate altar of the Wu Jian Council.
  3168 | D:5      | Entered Level 5 of the Dungeon
  3253 | D:5      | Reached XP level 8. HP: 54/64 MP: 8/8
  3590 | D:5      | Found a shadowy altar of Dithmenos.
  3946 | D:5      | Incinerated by a bombardier beetle

Illustrated notes

Levels and vault maps discovered:
D:1:      dpeg_arrival_snail, layout_basic
D:2:      layout_rooms, serial_shops, nicolae_shop_waterfront, uniq_robin
D:3:      layout_basic, fedhas_ov_isle_minmay
D:4:      layout_rooms, nzn_wu_jian_contemplation,
          nicolae_overflow_hidden_temple, uniq_grinder
D:5:      layout_loops_cross, mainiacjoe_overflow_surrounded_room,
          cheibrodos_worm_habitat, minmay_stone_trees_medium

Skill      XL: |  1  2  3  4  5  6  7  8 |
---------------+-------------------------+-----
Axes           | 1 2 |  2.0
Dodging        | 2 3 5 6 7 |  7.4
Short Blades   | 3 4 5 6 7 |  7.2
Fighting       | 3 4 5 6 |  6.6
Throwing       | |  2.0
Stealth        | |  4.3

Action                     |  1- 3 |  4- 6 |  7- 9 || total
---------------------------+-------+-------+-------++-------
  Melee: Hand axe          |    65 |     1 |       ||    66
         Punch             |     1 |     1 |     1 ||     3
         Dagger            |       |   145 |   219 ||   364
  Throw: Dart              |     3 |     1 |       ||     4
  Evoke: Wand              |       |     7 |     7 ||    14
    Use: Potion            |     1 |       |     2 ||     3
         Scroll            |       |     7 |     2 ||     9
   Stab: Sleeping          |     7 |     8 |     6 ||    21
         Distracted        |       |     1 |       ||     1
 Armour: Robe              |    18 |       |       ||    18
         Leather armour    |    26 |    58 |    56 ||   140
         Ring mail         |       |       |    14 ||    14
  Dodge: Dodged            |    42 |    68 |   101 ||   211

Table legend: (Time is in decaauts)
 A = Elapsed time spent in this place.
 B = Non-inter-level travel time spent in this place.
 C = Inter-level travel time spent in this place.
 D = Time resting spent in this place.
 E = Time spent auto-exploring this place.
 F = Levels seen in this place.
 G = Mean time per level.
                   A        B        C        D        E       F      G
               +--------+--------+--------+--------+--------+-----+--------+
         Total |   3863 |   3649 |    214 |    104 |   2607 |   5 |  772.6 |
       Dungeon |   3863 |   3649 |    214 |    104 |   2607 |   5 |  772.6 |
               +--------+--------+--------+--------+--------+-----+--------+

Top non-repeatable levels by time:
     D:1: 1045 daAuts
     D:4: 738 daAuts
     D:5: 737 daAuts
     D:3: 681 daAuts
     D:2: 661 daAuts
